 Dungeon Crawl Stone Soup version 0.22.0-16-gc6d26f6 (webtiles) character file.

424 sking99 the Insei (level 6, -1/42 HPs)
             Began as an Octopode Transmuter on Aug 17, 2018.
             Was an Initiate of Okawaru.
             Slain by an iguana (10 damage)
             ... on level 4 of the Dungeon.
             The game lasted 00:08:30 (4490 turns).

sking99 the Insei (Octopode Transmuter)             Turns: 4490, Time: 00:08:30

Health: -1/42      AC:  2    Str:  9    XL:     6   Next: 96%
Magic:  6/9        EV: 20    Int: 15    God:    Okawaru [......]
Gold:   116        SH:  0    Dex: 20    Spells: 3/9 levels left

rFire    . . .     SeeInvis .     - Unarmed
rCold    . . .     Gourm    .   (shield currently unavailable)
rNeg     . . .     Faith    .   (helmet currently unavailable)
rPois    x         Spirit   .   (no amulet)
rElec    .         Reflect  .   (no ring)
rCorr    .         Harm     .   (no ring)
MR       .....                  (no ring)
Stlth    ++........             (no ring)
HPRegen  0.14/turn              (no ring)
MPRegen  0.11/turn              (no ring)
                                (no ring)
                                (no ring)

@: spider-form (expiring)
A: tiny, almost no armour, stealthy swim, (amphibious), 8 rings, (constrict 8)
a: End Transformation, Renounce Religion


You were on level 4 of the Dungeon.
You worshipped Okawaru.
Okawaru was noncommittal.
You were hungry.
You were a venomous arachnid creature.
You visited 1 branch of the dungeon, and saw 4 of its levels.

You collected 116 gold pieces.

Inventory:

Missiles
 a - 10 arrows
Scrolls
 d - a scroll of fog
 e - 5 scrolls of remove curse
 g - a scroll of amnesia
 j - a scroll of identify
Potions
 f - a potion of might
 h - a potion of curing {unknown}
 i - a potion of experience
Comestibles
 c - 5 rations


   Skills:
 + Level 3.6 Fighting
 - Level 2.0 Dodging
 + Level 5.1 Unarmed Combat
 - Level 2.0 Spellcasting
 - Level 4.1 Transmutations
 - Level 2.0 Poison Magic


You had 3 spell levels left.
You knew the following spells:

 Your Spells              Type           Power        Failure   Level  Hunger
a - Beastly Appendage     Tmut           ##....       13%         1    #......
b - Sticks to Snakes      Tmut           ##......     17%         2    ###....
c - Spider Form           Tmut/Pois      ##........   38%         3    ###....

Your spell library contained the following spells:

 Spells                   Type           Power        Failure   Level  Hunger
 Blade Hands              Tmut           ##........   89%         5    ######.
 Ice Form                 Ice/Tmut       #.......     85%         4    #####..


Dungeon Overview and Level Annotations

Branches:
Dungeon (4/15)
 Temple: D:4-7

Altars:
Ashenzari
Dithmenos
Gozag
Okawaru
Xom
Yredelemnul
The Shining One


Innate Abilities, Weirdness & Mutations

You cannot wear most types of armour.
You are very stealthy in the water. (Stealth+)
((You are amphibious.))
You can wear up to eight rings at the same time.
((You can use your tentacles to constrict eight enemies at once.))
((Your skin changes colour to match your surroundings (Stealth+).))
((Your rubbery body absorbs attacks. (AC +1, EV +1)))


Message History

The helpless iguana fails to defend itself.
You tentacle-slap the iguana. You grab the iguana.
The iguana is lightly wounded.
You constrict the iguana, but do no damage.
The iguana bites you!
You tentacle-slap the iguana but do no damage.
The iguana is lightly wounded.
You constrict the iguana. The iguana bites you!
Casting: Spider Form (safe; 19% risk of failure)
Confirm with . or Enter, or press ? or * to list all spells.
You turn into a venomous arachnid creature.
You lose your grip on the iguana.
The iguana bites you.
* * * LOW HITPOINT WARNING * * *
You hit the iguana but do no damage.
The iguana is poisoned.
The iguana is lightly wounded.
The iguana completely misses you.
You hit the iguana but do no damage.
The iguana looks as sick as possible!
The iguana is lightly wounded.
The iguana bites you!
You die...

##...# .....# #........#
.....## #....[...##
......# #.........#
......## #........#
.......####........##
.........##.........#
..#####.............#...
### ####......s....... #
#...#....l...#..
#.$###.......# #..##
#........# #..
##......... #..#
#........( ....
.......... ....
..........


You could see an iguana.

Vanquished Creatures
  A scorpion (D:4)
  An orc priest (D:3)
  An orc wizard (D:3)
  Terence (D:3)
  2 worker ants
  A hound skeleton (D:4)
  11 adders
  An ooze (D:2)
  A worm (D:2)
  2 dart slugs (D:1)
  3 leopard geckos
  23 orcs (D:3)
  9 bats
  2 giant cockroaches (D:2)
  13 goblins
  3 hobgoblins
  7 jackals
  3 quokkas
  A frilled lizard (D:3)
  7 kobolds
  7 rats
100 creatures vanquished.

Vanquished Creatures (collateral kills)
  An adder (D:2)
  A goblin (D:2)
2 creatures vanquished.

Grand Total: 102 creatures vanquished

Notes
Turn   | Place    | Note
-------+----------+-------------------------------------------
     0 | D:1      | sking99 the Octopode Transmuter began the quest for the Orb.
     0 | D:1      | Reached XP level 1. HP: 13/13 MP: 3/3
    73 | D:1      | Reached XP level 2. HP: 15/18 MP: 3/5
    80 | D:1      | Learned a level 2 spell: Sticks to Snakes
   974 | D:2      | Reached XP level 3. HP: 20/23 MP: 6/6
   979 | D:2      | Learned a level 3 spell: Spider Form
  1187 | D:2      | Reached skill level 1 in Poison Magic
  1522 | D:2      | Reached XP level 4. HP: 27/28 MP: 3/7
  1624 | D:2      | Found a shimmering altar of Xom.
  1630 | D:2      | Found a glowing golden altar of the Shining One.
  1631 | D:2      | Found a basalt altar of Yredelemnul.
  1632 | D:2      | Found a shadowy altar of Dithmenos.
  1644 | D:2      | Found an iron altar of Okawaru.
  1652 | D:2      | Became a worshipper of Warmaster Okawaru
  2604 | D:3      | Reached XP level 5. HP: 32/33 MP: 6/8
  2832 | D:3      | Reached skill level 4 in Unarmed Combat
  2845 | D:3      | Found a shattered altar of Ashenzari.
  2988 | D:3      | Found a faded altar of an unknown god.
  3648 | D:3      | Found an opulent altar of Gozag.
  3690 | D:3      | Reached XP level 6. HP: 32/40 MP: 6/9
  3838 | D:3      | Noticed Terence
  3845 | D:3      | Killed Terence
  4240 | D:4      | Reached skill level 5 in Unarmed Combat
  4490 | D:4      | Slain by an iguana

Skill      XL: |  1  2  3  4  5  6 |
---------------+-------------------+-----
Transmutations | 3 4 |  4.1
Poison Magic   | 1 2 |  2.0
Unarmed Combat | 4 5 |  5.1
Fighting       | 2 3 |  3.6
Dodging        | |  2.0
Spellcasting   | |  2.0

Action                   |  1- 3 |  4- 6 || total
-------------------------+-------+-------++-------
Melee: Unarmed           |    58 |   182 ||   240
       Constrict         |    12 |    13 ||    25
       Tentacles         |     8 |     3 ||    11
       Kick              |     1 |     3 ||     4
       Punch             |       |     2 ||     2
 Cast: Beastly Appendage |     3 |     3 ||     6
       Spider Form       |     2 |    22 ||    24
       Sticks to Snakes  |     2 |       ||     2
  Use: Scroll            |       |     5 ||     5
       Potion            |       |     1 ||     1
 Stab: Sleeping          |     6 |     3 ||     9
  Eat: Chunk             |     1 |    13 ||    14
Armor: Skin              |     6 |     7 ||    13
Dodge: Dodged            |    27 |   148 ||   175
